 Dungeon Crawl Stone Soup version 0.18-a0-1576-g2b87869 (webtiles) character file.

135 IcyTea the Cudgeler (level 4, 0/35 HPs)
             Began as a Draconian Artificer on Mar 17, 2016.
             Slain by a worm (11 damage)
             ... on level 3 of the Dungeon.
             The game lasted 00:12:52 (2457 turns).

IcyTea the Cudgeler (Draconian Artificer)           Turns: 2457, Time: 00:12:52

Health: 0/35       AC:  5    Str: 13    XL:     4   Next: 97%
Magic:  6/6        EV: 12    Int: 13    God:
Gold:   61         SH:  0    Dex: 12    Spells: 0 memorised, 3 levels left

rFire  . . .     SeeInvis .     a - +0 mace
rCold  . . .     Gourm    .     (armour unavailable)
rNeg   . . .     Faith    .     (no shield)
rPois  .         Spirit   .     (helmet restricted)
rElec  .         Dismiss  .     (no cloak)
rCorr  .         Reflect  .     (no gloves)
SustAt .         Harm     .     (no boots)
MR     .....                    (no amulet)
Stlth  +.........               (no ring)
                                (no ring)

@: not resistant to hostile enchantments, very unstealthy
A: unfitting armour, cold-blooded, AC +5
a: no special abilities


You were on level 3 of the Dungeon.
You were not hungry.

You visited 1 branch of the dungeon, and saw 3 of its levels.

You collected 61 gold pieces.

Inventory:

Hand Weapons
 a - a +0 mace (weapon)
 b - a +0 blowgun
Missiles
 j - 9 poisoned needles
Wands
 c - a wand of enslavement (14/24)
 d - a wand of random effects (13/48)
 f - a wand of flame (12/48)
Scrolls
 e - a scroll of remove curse
 h - a scroll of teleportation
 l - a scroll of enchant armour {unknown}
 m - a scroll of magic mapping {unknown}
 n - 3 scrolls of identify
Potions
 i - 2 potions of curing
 k - 2 potions of haste
Comestibles
 g - 3 meat rations
 o - 2 fruits


   Skills:
 - Level 1.1 Fighting
   Level 1.0 Short Blades
 - Level 4.2 Maces & Flails
 - Level 1.7 Dodging
 - Level 0.8 Stealth
 + Level 3.6 Evocations


You had 3 spell levels left.
You didn't know any spells.

Dungeon Overview and Level Annotations

Branches:
Dungeon (3/15)

Altars:
Ru


Innate Abilities, Weirdness & Mutations

Your plain brown scales are hard (AC +5).
Your body does not fit into most forms of armour.
You are cold-blooded and may be slowed by cold attacks.


Message History

The rat barely misses you. The worm closely misses you.
You hit the worm.
The worm is heavily wounded.
The rat bites you but does no damage. x2; The worm barely misses you.
You hit the worm.
The worm is heavily wounded.
The rat bites you.
You barely miss the rat. The worm bites you. The rat barely misses you.
You closely miss the rat. The rat closely misses you.
The worm bites you but does no damage.
You sock the worm!
The worm is almost dead.
The rat bites you.
You hit the worm but do no damage.
The worm is almost dead.
The rat closely misses you. The worm bites you!
You hit the worm but do no damage.
The worm is almost dead.
The rat bites you but does no damage. The worm bites you!
You die...

.........# ..........#
####### ...........####
#...... ..............#
####.##### ..............+
..#.#.... ..............#
#)#.#.##.
.........r....####.#.#.##.
.........@w# #.....#.##.
....[......# #.....#...<
#####....## #.....#####
#....# #.....#.... #....#
#.(..##.### #....# #....#
.# #....# #...)##.##
#....# #........#
#....######.....)..#


You could see a worm and a rat.

Vanquished Creatures
  5 adders (D:2)
  6 worms (D:2)
  2 dart slugs (D:1)
  2 giant geckos
  A ball python (D:1)
  A giant cockroach (D:1)
  10 goblins
  6 hobgoblins
  14 jackals
  5 bats
  A giant newt (D:2)
  7 kobolds
  4 rats
  A fungus (D:2)
65 creatures vanquished.

Vanquished Creatures (others)
  A kobold (D:1)
  A fungus (D:2)
  A plant (D:2)
3 creatures vanquished.

Grand Total: 68 creatures vanquished

Notes
Turn   | Place    | Note
--------------------------------------------------------------
     0 | D:1      | IcyTea the Draconian Artificer began the quest for the Orb.
     0 | D:1      | Reached XP level 1. HP: 16/16 MP: 3/3
    51 | D:1      | Reached skill level 1 in Maces & Flails
    74 | D:1      | Reached XP level 2. HP: 8/23 MP: 4/4
   246 | D:1      | HP: 1/23 [kobold/short sword (6)]
   575 | D:1      | Reached skill level 2 in Maces & Flails
   821 | D:1      | Reached XP level 3. HP: 26/28 MP: 5/5
  1048 | D:1      | Reached skill level 3 in Maces & Flails
  1487 | D:2      | Reached XP level 4. HP: 6/35 MP: 6/6
  1921 | D:2      | Reached skill level 4 in Maces & Flails
  2126 | D:2      | Found a sacrificial altar of Ru.
  2457 | D:3      | Slain by a worm

Vault maps used:
D:1:      eino_arrival_tree_alley, minmay_shallow_snake_nest
D:2:      nicolae_overflow_hidden_temple, nicolae_ru_the_path_less_chosen
D:3:      marbit_many_paths, first_bread

Skill      XL: |  1  2  3  4 |
---------------+-------------+-----
Maces & Flails | 1 2 3 4 |  4.2
Fighting       | |  1.1
Short Blades   | |  1.0
Dodging        | |  1.7
Stealth        | |  0.8
Evocations     | |  3.6

Action                   |  1- 3 |  4- 6 || total
-------------------------+-------+-------++-------
Melee: Mace              |   146 |    97 ||   243
Evoke: Wand              |     6 |       ||     6
  Use: Potion            |     1 |     1 ||     2
       Scroll            |     1 |     2 ||     3
 Stab: Sleeping          |     2 |     1 ||     3
  Eat: Chunk             |     1 |       ||     1
       Bread ration      |       |     1 ||     1
